AoeStats
← 陟遐自迩

MegaRandom

508694837Analyzed
4v4 RM · 8d ago on Sep 23, 2026· 45m 25s· 8 players
Game mode
Random Map
Map size
Large (8 player)
Population
200
Speed
Normal
Resources
Standard
Victory
Conquest
Starting age
Dark Age
Ending age
Imperial Age
RankedLock teamsTeams togetherTeam positionsShared explorationLock speedFull tech treeHidden civsTurbo modeCheats
Victory
Defeat
🇨🇳 Khmer · China
1081
+13
🇪🇸 Celts · Spain
1063
+14
🇩🇪 Varangians · Germany
1060
+14
🇹🇼 Franks · Taiwan
1030
+15
🇵🇱 Franks · Poland
1039
-14
🇲🇽 Varangians · Mexico
1025
-14
🇺🇸 Goths · United States
1012
-14
🇫🇷 Saxons · France
1004
-14
FY_Radik
2:48 Loom
11:06 Feudal Age
16:40 Castle Age
16:54 Forging
26:49 Double-Bit Axe
26:47 Horse Collar
27:00 Gold Mining
27:54 Heavy Plow
29:53 Wheelbarrow
30:15 Bow Saw
34:00 Imperial Age
31:47 Arson
31:48 Gambesons
32:42 Pikeman
35:33 Gold Shaft Mining
35:09 Scale Mail Armor
35:45 Iron Casting
36:10 Stone Mining
37:29 Chain Mail Armor
38:15 Blast Furnace
39:28 Capped Ram
39:34 Elite Woad Raider
42:49 Plate Mail Armor
TawdryCorn6602
13:10 Feudal Age
18:00 Castle Age
15:59 Double-Bit Axe
18:51 Wheelbarrow
18:07 Loom
19:02 Bow Saw
24:48 Gold Mining
26:26 Hand Cart
25:56 Loom
25:56 Town Watch
27:30 Gold Shaft Mining
26:53 Stone Mining
28:36 Town Patrol
32:46 Imperial Age
30:52 Husbandry
31:09 Forging
30:59 Scale Mail Armor
31:04 Scale Barding Armor
33:36 Iron Casting
33:16 Chain Mail Armor
32:34 Ordonnance Companies
32:46 Cavalier
33:51 Conscription
34:03 Chain Barding Armor
34:41 Chivalry
34:07 Paladin
36:08 Ballistics
36:50 Chemistry
darker
7:10 Loom
10:06 Feudal Age
10:42 Double-Bit Axe
18:49 Castle Age
16:54 Horse Collar
19:52 Bow Saw
19:52 Heavy Plow
20:56 Gold Mining
23:10 Wheelbarrow
23:56 Gold Shaft Mining
28:55 Husbandry
29:06 Bloodlines
29:50 Hand Cart
34:56 Imperial Age
33:21 Scale Barding Armor
33:26 Forging
34:38 Chain Barding Armor
35:15 Cavalier
36:40 Plate Barding Armor
36:41 Iron Casting
39:13 Light Cavalry
41:18 Heavy Plow
40:43 Hussar
42:43 Conscription
41:59 Sappers
46:09 Blast Furnace
陟遐自迩
0:50 Loom
13:41 Feudal Age
18:41 Stone Mining
18:40 Double-Bit Axe
21:18 Castle Age
21:33 Wheelbarrow
21:00 Gold Mining
26:29 Bow Saw
27:18 Horse Collar
28:25 Heavy Plow
29:36 Stone Shaft Mining
34:19 Imperial Age
32:20 Hand Cart
31:54 Town Watch
33:37 Forging
33:33 Scale Barding Armor
34:59 Iron Casting
33:50 Vendel Legacy
35:01 Treadmill Crane
35:42 Ballistics
36:25 Chemistry
35:50 Chain Barding Armor
35:34 Husbandry
35:44 Bloodlines
35:57 Conscription
37:02 Two-Man Saw
36:35 Crop Rotation
35:59 Elite Jarl
37:55 Blast Furnace
38:20 Plate Barding Armor
37:51 Fletching
38:02 Scale Mail Armor
38:09 Squires
37:54 Elite Varangian Guard
38:55 Masonry
43:09 Cavalier
44:14 Cranequins
44:15 Heavy Mounted Crossbowman
44:59 Bodkin Arrow
45:04 Padded Archer Armor
merdup
0:38 Loom
12:28 Feudal Age
22:39 Castle Age
21:28 Double-Bit Axe
21:25 Horse Collar
22:41 Pikeman
32:08 Wheelbarrow
31:57 Bow Saw
31:58 Heavy Plow
34:07 Anarchy
34:48 Hand Cart
35:13 Scale Mail Armor
35:24 Forging
36:46 Caravan
39:58 Imperial Age
39:23 Chain Mail Armor
39:44 Iron Casting
40:02 Halberdier
40:43 Squires
41:10 Conscription
Legatus
10:47 Feudal Age
13:59 Double-Bit Axe
17:33 Horse Collar
20:24 Castle Age
20:05 Bloodlines
21:22 Forging
21:57 Scale Barding Armor
24:58 Husbandry
26:26 Iron Casting
28:12 Chain Barding Armor
29:13 Fletching
32:42 Wheelbarrow
37:44 Imperial Age
36:12 Scale Mail Armor
Space_G
11:44 Feudal Age
13:00 Wheelbarrow
12:56 Double-Bit Axe
12:56 Horse Collar
17:54 Loom
25:09 Castle Age
25:04 Forging
24:57 Scale Mail Armor
28:12 Hand Cart
32:02 Iron Casting
33:04 Bow Saw
33:28 Gambesons
35:19 Chain Mail Armor
39:09 Imperial Age
37:30 Squires
37:27 Fletching
38:07 Bodkin Arrow
38:56 Pikeman
40:23 Plate Mail Armor
40:21 Caravan
44:33 Shield Wall
handelson.marcin
3:09 Loom
11:18 Feudal Age
12:15 Double-Bit Axe
18:28 Castle Age
22:19 Squires
23:04 Pikeman
26:17 Wheelbarrow
35:47 Hand Cart
35:45 Gold Mining
37:41 Gold Shaft Mining
37:14 Caravan
41:06 Imperial Age
39:06 Fletching
39:26 Forging
40:13 Ballistics
40:03 Masonry
41:04 Bodkin Arrow
41:41 Halberdier
42:49 Cavalier
44:03 Husbandry
44:42 Iron Casting
44:07 Scale Mail Armor
44:13 Scale Barding Armor
Connection lost

Rejoining the realm…

Still unreachable

The connection could not be restored.

Session expired

The server has moved on; the page needs a fresh start.